 Dungeon Crawl Stone Soup version 0.27-a0-203-gd48b2df3c9 (webtiles) character file.

Game seed: 17036522643121820726

4091 sanka the Covert (level 10, -1/42 HPs)
             Began as a Vampire Enchanter on Jan 30, 2021.
             Was an Initiate of Hepliaklqana.
             Slain by an orc warrior
             ... wielding a +0 broad axe
              (21 damage)
             ... in a bailey.
             The game lasted 00:19:29 (8987 turns).

sanka the Covert (Vampire Enchanter)                Turns: 8987, Time: 00:19:29

Health: -1/42      AC:  7    Str: 13    XL:     10   Next: 5%
Magic:  9/13       EV: 19    Int: 21    God:    Hepliaklqana [......]
Gold:   99         SH:  0    Dex: 15    Spells: 7/13 levels left

rFire    . . .     SeeInvis +   a - +1 dagger
rCold    + + .     Faith    .   (no shield)
rNeg     + + +     Spirit   .   f - +0 robe
rPois    ∞         Reflect  .   m - +0 helmet
rElec    .         Harm     .   G - +1 cloak {rCorr}
rCorr    +         Rampage  .   k - +0 pair of gloves
Will     +....                  H - +0 pair of boots
Stlth    +++++++...             (no amulet)
HPRegen  0.00/turn              (no ring)
MPRegen  0.13/turn              I - +6 ring of strength

@: confusing touch, bloodless
A: reduced essence, fangs 3, see invisible, [frail 1], unbreathing
a: Bat Form, Revivify, Renounce Religion, Recall Ancestor, Ancestor Identity


You were in a bailey.
You worshipped Hepliaklqana.
Hepliaklqana was noncommittal.
You visited 2 branches of the dungeon, and saw 9 of its levels.
You also visited: Bailey.

You collected 351 gold pieces.
You spent 252 gold pieces at shops.


Innate Abilities, Weirdness & Mutations

You do not regenerate when monsters are visible.
You are frail without blood (-20% HP).
You can heal yourself when you bite living creatures.
You are immune to poison.
You have razor-sharp teeth.
You have supernaturally acute eyesight. (SInv)
You can survive without breathing.
Your life essence is reduced to manifest your ancestor. (-10% HP)
[You are frail. (-10% HP)]


   Skills:
 - Level 3.0 Fighting
 - Level 7.4 Short Blades
 - Level 10.0 Dodging
 - Level 11.0 Stealth
 - Level 2.0 Spellcasting
 + Level 9.2 Hexes


You had 7 spell levels left.
You knew the following spells:

 Your Spells              Type           Power        Failure   Level
x - Confusing Touch       Hex            40%          1%          3
z - Ensorcelled Hibernat  Hex/Ice        42%          3%          2
Z - Corona                Hex            44%          1%          1

Your spell library contained the following spells:

 Spells                   Type           Power        Failure   Level
 Tukima's Dance           Hex            40%          1%          3
 Dazzling Flash           Conj/Hex       42%          7%          3
 Animate Skeleton         Necr           4%           14%         1
 Apportation              Tloc           4%           14%         1
 Summon Small Mammal      Summ           8%           14%         1

Inventory:

Hand Weapons
 a - a +1 dagger (weapon)
 b - a +1 whip of electrocution
 w - a +0 dire flail of protection
Armour
 f - a +0 robe (worn)
 k - a +0 pair of gloves (worn)
 m - a +0 helmet (worn)
 G - a +1 cloak of preservation (worn)
 H - a +0 pair of boots (worn)
Jewellery
 I - a +6 ring of strength (right hand)
Wands
 n - a wand of flame (6)
 A - a wand of iceblast (9)
 E - a wand of polymorph (6)
Scrolls
 d - 2 scrolls of enchant armour {unknown}
 g - 3 scrolls of fear {unknown}
 h - 4 scrolls of remove curse {unknown}
 i - 3 scrolls of noise {unknown}
 j - 2 scrolls of random uselessness {unknown}
 l - 2 scrolls of immolation {unknown}
 p - 4 scrolls of fog {unknown}
 r - 4 scrolls of teleportation {unknown}
 s - 7 scrolls of identify {unknown}
 u - a scroll of magic mapping {unknown}
 v - a scroll of enchant weapon {unknown}
 x - a scroll of amnesia {unknown}
 y - a scroll of summoning {unknown}
 J - a scroll of vulnerability {unknown}
Potions
 c - 3 potions of haste {unknown}
 e - 2 potions of cancellation {unknown}
 o - a potion of degeneration {unknown}
 q - 2 potions of berserk rage {unknown}
 t - 3 potions of ambrosia {unknown}
 z - a potion of mutation {unknown}
 B - a potion of attraction {unknown}
 C - 2 potions of curing {unknown}
 D - a potion of heal wounds {unknown}
 F - a potion of flight {unknown}
 K - a potion of resistance

Dungeon Overview and Level Annotations

Branches:
Dungeon (8/15)             Temple (1/1) D:6          Bailey (1/1)
   Lair: D:8-11

Altars:
Ashenzari
Cheibriados
Dithmenos
Elyvilon
Fedhas
Gozag
Hepliaklqana
Kikubaaqudgha
Makhleb
Nemelex Xobeh
Okawaru
Qazlal
Ru
Sif Muna
Trog
Uskayaw
Vehumet
Wu Jian
Xom
Yredelemnul
Zin
The Shining One

Shops:
D:6 [

Annotations:
Bailey 3 runed translucent doors

♣♣♣∩♣♣♣ ▒▒▒▒▒♣♣♣.....♣♣♣▒▒▒▒▒
▒▒...▒▒...K.....▒▒...▒▒
▒▒.....▒▒.....K.▒▒.....▒▒
▒.......▒▒≈≈≈≈≈▒▒...8...▒▒
..8..8...▒≈≈≈≈≈▒.........▒▒
.........▒≈≈≈≈≈▒..........▒ ≈♣
.........'.....oV...8..8..▒≈≈♣
..8......▒▒▒▒▒▒▒▒▒).......▒≈≈♣
......▒▒▒▒ ▒▒......▒▒≈≈♣
▒.....▒≈≈▒≈ . ▒.)...▒▒...♣
▒▒....▒g..... .?≈▒...)▒▒....♣
▒...▒▒≈8.8...8.8▒▒...)▒.....♣♣
▒...+g≈........o▒...(.(......♣
▒...+≈≈....∩...g▒.....'(..∩.∩♣
▒...+≈≈.........▒.....'......♣


You could see an orc warrior.


Message History

The boomerang closely misses you.
The kobold throws a boomerang.
The boomerang misses you.
The kobold throws a boomerang.
The boomerang barely misses you.
The kobold throws a boomerang.
The boomerang barely misses you.
There is an open door, spattered with blood here.
Things that are here:
a +0 war axe; a +0 scale mail; 4 boomerangs The kobold throws a boomerang.
The boomerang closely misses you.
You closely miss the hobgoblin. The hobgoblin closely misses you.
You hit the hobgoblin but do no damage. You hit the hobgoblin.
The hobgoblin is severely wounded.
The hobgoblin completely misses you.
You barely miss the hobgoblin. Your bite misses the hobgoblin.
The hobgoblin is severely wounded.
The hobgoblin misses you.
You hit the hobgoblin.
You kill the hobgoblin!
Your hands begin to glow red.
You hit the orc warrior but do no damage.
The orc warrior is lightly wounded.
The orc warrior hits you with a +0 broad axe!!
Ouch! That really hurt!
You die...

Action                   |  1- 3 |  4- 6 |  7- 9 | 10-12 || total
-------------------------+-------+-------+-------+-------++-------
Melee: Dagger            |   123 |   202 |   247 |    38 ||   610
       Bite              |     8 |    13 |    17 |     4 ||    42
 Cast: Ensorcelled Hiber |     5 |    41 |    95 |     4 ||   145
       Confusing Touch   |       |     4 |    11 |     1 ||    16
 Abil: Exsanguinate      |       |       |     2 |       ||     2
       Revivify          |       |       |     1 |       ||     1
 Stab: Sleeping          |    14 |    38 |    64 |       ||   116
       Confused          |       |     4 |     8 |       ||    12
       Distracted        |       |       |     1 |       ||     1
Armor: Robe              |    21 |    60 |    26 |     7 ||   114
Dodge: Dodged            |    95 |   137 |   204 |    31 ||   467

Levels and vault maps discovered:
D:1:      minmay_arrival_up_and_down, layout_basic
D:2:      layout_basic, minmay_divided_ellipse, uniq_robin
D:3:      minmay_door_path, layout_basic
D:4:      layout_loops_ring, yredelemnul_altar_generic, uniq_edmund
D:5:      layout_rooms, grunt_temple_overflow_open
D:6:      layout_cave_pools, minmay_temple_entry_gardened_gates, serial_shops,
          shop, basic_altar
D:7:      minmay_clustersquares, layout_cave_pods, minmay_holes, uniq_pikel
D:8:      layout_basic, enter_bailey_5
Temple:   lightli_temple_of_artemis
Bailey:   bailey_axe_bossmonster_kennysheep, bailey

Notes
Turn   | Place    | Note
-------+----------+-------------------------------------------
     0 | D:1      | sanka the Vampire Enchanter began the quest for the Orb.
     0 | D:1      | Reached XP level 1. HP: 13/13 MP: 3/3
   109 | D:1      | Reached skill level 5 in Stealth
   160 | D:1      | Reached XP level 2. HP: 17/19 MP: 5/5
   163 | D:1      | Learned a level 2 spell: Ensorcelled Hibernation
   454 | D:1      | Reached skill level 6 in Stealth
   667 | D:1      | Reached XP level 3. HP: 24/24 MP: 1/6
   735 | D:1      | Learned a level 3 spell: Confusing Touch
   965 | D:2      | Reached skill level 7 in Stealth
   967 | D:2      | Reached XP level 4. HP: 23/30 MP: 2/7
  1156 | D:2      | Noticed Robin
  1189 | D:1      | Reached skill level 8 in Stealth
  1298 | D:2      | Killed Robin
  1452 | D:2      | Reached skill level 2 in Short Blades
  2027 | D:2      | Reached XP level 5. HP: 35/35 MP: 5/8
  2078 | D:2      | Reached skill level 3 in Short Blades
  2838 | D:3      | Reached skill level 4 in Short Blades
  3738 | D:4      | Noticed Edmund
  3748 | D:4      | Killed Edmund
  3749 | D:4      | Reached skill level 5 in Short Blades
  3749 | D:4      | Reached skill level 5 in Hexes
  3749 | D:4      | Reached XP level 6. HP: 41/41 MP: 5/9
  3851 | D:4      | Reached skill level 6 in Hexes
  4051 | D:4      | Reached skill level 7 in Hexes
  4114 | D:4      | Found a basalt altar of Yredelemnul.
  4424 | D:5      | Entered Level 5 of the Dungeon
  4435 | D:5      | Reached XP level 7. HP: 41/46 MP: 3/10
  4643 | D:5      | Reached skill level 8 in Hexes
  4649 | D:5      | Reached skill level 1 in Fighting
  4978 | D:5      | Reached skill level 2 in Fighting
  4978 | D:5      | Reached skill level 3 in Dodging
  5133 | D:5      | Found a stormy altar of Qazlal.
  5136 | D:5      | Found a burning altar of Makhleb.
  5137 | D:5      | Found a shimmering blue altar of Sif Muna.
  5137 | D:5      | Found a hide-covered altar of Uskayaw.
  5138 | D:5      | Found a sacrificial altar of Ru.
  5169 | D:5      | Reached skill level 4 in Dodging
  5169 | D:5      | Reached XP level 8. HP: 53/57 MP: 1/11
  5202 | D:5      | Reached skill level 3 in Fighting
  5336 | D:5      | Found an iron altar of Okawaru.
  5422 | D:5      | Reached skill level 5 in Dodging
  5749 | D:6      | Reached skill level 6 in Dodging
  5868 | D:6      | Reached skill level 7 in Dodging
  5972 | D:6      | Found a staircase to the Ecumenical Temple.
  6137 | D:6      | Found Vymuam's Armour Boutique.
  6139 | D:6      | Found a shimmering altar of Xom.
  6297 | Temple   | Entered the Ecumenical Temple
  6389 | Temple   | Became a worshipper of Hepliaklqana the Forgotten
  6434 | D:6      | Bought a +1 cloak of preservation for 198 gold pieces
  6434 | D:6      | Bought a +0 pair of boots for 54 gold pieces
  6461 | D:7      | Noticed Pikel
  6502 | D:7      | Killed Pikel
  6503 | D:7      | Reached skill level 9 in Dodging
  6503 | D:7      | Reached XP level 9. HP: 20/56 MP: 7/12
  6998 | D:7      | Reached skill level 10 in Dodging
  7166 | D:7      | Reached skill level 9 in Stealth
  7254 | D:7      | Reached skill level 6 in Short Blades
  7384 | D:7      | Reached skill level 10 in Stealth
  7823 | D:7      | Reached skill level 7 in Short Blades
  8291 | D:8      | Found a flagged portal.
  8608 | D:8      | Reached skill level 11 in Stealth
  8640 | Bailey   | Entered a bailey
  8706 | Bailey   | Noticed an orc warlord
  8782 | Bailey   | Noticed an orc knight
  8797 | Bailey   | Killed an orc knight
  8798 | Bailey   | Reached skill level 9 in Hexes
  8798 | Bailey   | Reached XP level 10. HP: 42/42 MP: 2/13
  8933 | Bailey   | Found a runed translucent gate.
  8941 | Bailey   | Found a runed translucent gate.
  8942 | Bailey   | Found a runed translucent gate.
  8987 | Bailey   | Slain by an orc warrior

Vanquished Creatures
  Pikel (D:7)
  An orc knight (Bailey)
  2 yaks (D:7)
  Edmund (D:4)
  2 water moccasins (D:5)
  An ice beast (D:7)
  4 sky beasts
  2 orc warriors
  3 ogres
  A necrophage (D:7)
  2 centaurs
  A bullfrog (D:6)
  3 scorpions
  A water moccasin skeleton (D:5)
  2 howler monkeys (D:7)
  3 bullfrog zombies
  A centaur zombie (D:5)
  3 orc priests
  2 hounds
  A jelly (D:5)
  A bullfrog skeleton (D:7)
  A centaur skeleton (D:6)
  2 iguanas
  5 orc wizards
  5 worker ants
  Robin (D:2)
  4 gnolls (D:5)
  9 adders
  2 shadow imps
  A white imp (D:5)
  An ufetubus (D:5)
  2 adder zombies (D:7)
  An adder skeleton (D:5)
  2 worms
  3 leopard geckos
  28 orcs
  A bat skeleton (D:2)
  6 giant cockroaches
  20 goblins
  15 hobgoblins
  10 jackals
  14 kobolds
  12 bats
  3 frilled lizards
  7 rats
193 creatures vanquished.

Vanquished Creatures (collateral kills)
  A howler monkey (D:7)
  A hound (D:7)
  An orc wizard (D:7)
  A gnoll (Bailey)
  An ufetubus (D:7)
  5 orcs
  A hobgoblin (Bailey)
  2 jackals (D:8)
  2 kobolds (Bailey)
  2 quokkas (D:7)
17 creatures vanquished.

Vanquished Creatures (others)
  3 ancestors
3 creatures vanquished.

Grand Total: 213 creatures vanquished
